cohdb
Replays
Latest Replays
All Replays
Popular Replays
Top Player Replays
Match Explorer
How It Works
Community
CoH3 Stats
Reddit
Sign in to upload your games and track your stats! →
Sign in with Steam
Match 45678065
Unlisted
Match 45678065
Overview
Messages
Build Orders
End
Engineer Squad
Construct Barracks
Selects Advanced Infantry Battlegroup
Riflemen Squad
1⁄4-ton 4x4 Truck
Construct Weapon Support Center
Bazooka Squad
Selects Artillery Observers
Construct Medical Station
Mechanized Support Center
Construct Motor Pool
Selects Convert to Ranger Squad
M8 Greyhound Armored Car
Convert to Ranger Squad
Selects Frontline Medical Station
M24 Chaffee Light Tank
Designate Forward Repair Station
Selects Infantry Assault
Construct Tank Depot
Infantry Assault
Selects M2A1 105mm Howitzer Emplacement
M4A1 Sherman Medium Tank
Infantry Assault
Improved M9 Bazooka Rockets
M4A1 76mm Conversion
M4A1(76) Sherman Medium Tank
.30 cal Machine Gun
Selects Free Fire Drills
M4A1(76) Sherman Medium Tank
Infantry Assault
Improvised Armor
Para_Dilshan
Beretta
Oncle-Hô
Łukeniu
P1xeL_Po!nT
SuperAnchovy
ekimon
gns7893
0
0
Comments
sign in to comment!
No comments posted yet!